AoeStats
← default

Arena

510353099Analyzed
4v4 RM · 1d ago on Sep 30, 2026· 23m 28s· 8 players
Game mode
Random Map
Map size
Large (8 player)
Population
200
Speed
Normal
Resources
Standard
Victory
Conquest
Starting age
Dark Age
Ending age
Imperial Age
RankedLock teamsTeams togetherTeam positionsShared explorationLock speedFull tech treeHidden civsTurbo modeCheats
Victory
Defeat
🇹🇷 Malians · Türkiye
939
+16
🇹🇷 Khmer · Türkiye
920
+17
🇹🇷 Byzantines · Türkiye
908
+17
🇹🇷 Mongols · Türkiye
891
+18
🇷🇺 Varangians · Russia
1013
-21
🇨🇳 Vikings · China
968
-18
🇪🇸 Byzantines · Spain
927
-17
🇷🇺 Bohemians · Russia
826
-12
KOMMEPCAHT
11:58 Feudal Age
13:12 Double-Bit Axe
13:09 Horse Collar
16:46 Castle Age
16:08 Wheelbarrow
18:57 Hand Cart
19:26 Loom
党卫军
5:54 Loom
11:28 Feudal Age
11:55 Horse Collar
12:04 Double-Bit Axe
20:58 Castle Age
Adment_Vk
1:09 Loom
10:56 Feudal Age
18:33 Castle Age
DavinHo_Abascal_
10:18 Feudal Age
15:33 Castle Age
15:26 Horse Collar
Kamißon
10:08 Feudal Age
17:18 Castle Age
15:36 Double-Bit Axe
15:55 Gold Mining
16:25 Horse Collar
17:43 Wheelbarrow
18:10 Bow Saw
18:59 Heavy Plow
elfce
4:30 Loom
11:36 Feudal Age
18:01 Castle Age
18:16 Gold Mining
18:16 Stone Mining
18:28 Double-Bit Axe
21:09 Bow Saw
22:18 Fletching
default
11:14 Feudal Age
15:22 Castle Age
17:47 Scale Barding Armor
17:54 Forging
17:35 Double-Bit Axe
19:06 Loom
21:27 Horse Collar
22:13 Town Watch
24:16 Bow Saw
Wallcanes
10:22 Feudal Age
16:31 Castle Age
15:02 Stone Mining
15:10 Stone Mining
17:09 Loom
Connection lost

Rejoining the realm…

Still unreachable

The connection could not be restored.

Session expired

The server has moved on; the page needs a fresh start.